 Dungeon Crawl Stone Soup version 0.32-a0-411-g744942f433 (webtiles) character file.

Game seed: 7721688951282533890

1603 Neon14 the Protected (level 8, 0/71 HPs)
             Began as a Minotaur Fighter on Feb 20, 2024.
             Was a Believer of Cheibriados.
             Shot with an arrow by a centaur (6 damage)
             ... on level 7 of the Dungeon.
             The game lasted 00:08:32 (5721 turns).

Neon14 the Protected (Minotaur Fighter)             Turns: 5721, Time: 00:08:32

Health: 0/71       AC:  8    Str: 28    XL:     8   Next: 63%
Magic:  7/7        EV: 11    Int: 15    God:    Cheibriados [**....]
Gold:   275        SH:  5    Dex: 13    Spells: 7/7 levels left

rFire   . . .        e - +2 dagger (protect)
rCold   . . .        c - +0 buckler
rNeg    . . .        b - +0 scale mail
rPois   .            (helmet restricted)
rElec   .            (no cloak)
rCorr   .            (no gloves)
SInv    .            (no boots)
Will    .....        (no amulet) Stlth
                     s - +6 ring of intelligence
HPRegen 0.31/turn    (no ring)
MPRegen 0.10/turn

%: no passive effects
@: very slow
A: horns 2, retaliatory headbutt
a: Renounce Religion, Bend Time


You were on level 7 of the Dungeon.
You worshipped Cheibriados.
Cheibriados was pleased with you.
You visited 1 branch of the dungeon, and saw 7 of its levels.

You collected 275 gold pieces.

Inventory:

Hand Weapons
 a - a +0 long sword
 e - a +2 dagger of protection (weapon)
Armour
 b - a +0 scale mail (worn)
 c - a +0 buckler (worn)
 m - a +0 tower shield
Jewellery
 s - a +6 ring of intelligence (left hand)
Wands
 y - a wand of flame (4)
Scrolls
 f - 4 scrolls of vulnerability {unknown}
 g - a scroll of blinking {unknown}
 j - 2 scrolls of butterflies {unknown}
 l - 4 scrolls of identify {unknown}
 n - a scroll of revelation {unknown}
 p - 5 scrolls of teleportation {unknown}
 q - a scroll of fog {unknown}
 t - a scroll of enchant weapon {unknown}
 u - a scroll of poison {unknown}
 w - a scroll of immolation {unknown}
 z - a scroll of enchant armour {unknown}
Potions
 d - a potion of might
 h - a potion of lignification {unknown}
 i - a potion of curing
 k - a potion of berserk rage {unknown}
 o - a potion of brilliance {unknown}
 r - a potion of resistance {unknown}
 v - 2 potions of enlightenment {unknown}
 x - a potion of heal wounds {unknown}
 A - a potion of invisibility {unknown}
 B - a potion of attraction {unknown}


   Skills:
 + Level 6.9 Fighting
 + Level 3.8 Long Blades
 + Level 9.3 Armour
 + Level 4.1 Dodging
 - Level 1.1 Stealth
 + Level 6.4 Shields


You had 7 spell levels left.
You didn't know any spells.
Your spell library contained the following spells:

 Spells                   Type           Power      Damage    Failure   Level
 Kiss of Death            Conj/Necr      0%         2d5       52%         1
 Call Imp                 Summ           0%         N/A       65%         2
 Sublimation of Blood     Necr           0%         N/A       65%         2
 Confusing Touch          Hex            0%         N/A       87%         3
 Cause Fear               Hex            0%         N/A       99%         4
 Dispel Undead            Necr           0%         3d6       99%         4
 Fireball                 Conj/Fire      0%         3d3       100%        5
 Summon Hydra             Summ           0%         N/A       100%        7
 Dragon's Call            Summ           0%         N/A       100%        9


Dungeon Overview and Level Annotations

Branches:
Dungeon (7/15)             Temple (0/1) D:4

Altars:
Ashenzari
Cheibriados
Makhleb
Okawaru
Qazlal
The Shining One


Innate Abilities, Weirdness & Mutations

You have a pair of horns on your head.
You reflexively headbutt those who attack you in melee.


Message History

Done exploring.
Done exploring.
Done exploring.
Done exploring.
No target in view!
There is an open door here.
There is an open door here.
There is an open door here.
There is a stone staircase leading down here.
You climb downwards.
Found a sharpened glass wand.
There is a stone staircase leading up here.
A centaur comes into view.
The centaur shouts!
You hear a shout!
The centaur wields a +2 orcbow of flaming.
It bursts into flame!
The centaur shoots an arrow.
The arrow hits you! The arrow burns you.
A centaur comes into view.
The centaur shoots an arrow.
The arrow hits you! The arrow burns you.
You feel better.
The centaur wields a +0 shortbow.
The centaur shoots an arrow.
The arrow hits you!
The centaur shoots an arrow.
The arrow barely misses you.
A kobold comes into view. It is wielding a +0 short sword.
The centaur shoots an arrow.
The arrow hits you.
The kobold shouts!
The centaur shoots an arrow.
You block the arrow.
The centaur shoots an arrow.
The arrow hits you.
The centaur shoots an arrow.
The arrow barely misses you.
The centaur shoots an arrow.
The arrow barely misses you.
The centaur shoots an arrow.
The arrow hits you!
* * * LOW HITPOINT WARNING * * *
The centaur shoots an arrow.
The arrow hits you.
* * * LOW HITPOINT WARNING * * *
The centaur shoots an arrow.
The arrow hits you!
* * * LOW HITPOINT WARNING * * *
The arrow burns you.
* * * LOW HITPOINT WARNING * * *
There is a stone staircase leading up, spattered with blood here.
The centaur shoots an arrow.
The arrow completely misses you.
The centaur shoots an arrow.
The arrow hits you.
You die...
Cheibriados appreciates the motionlessness of death.
K

######### ...
..##..@....##....
..............c...
............./....
..................
...##........c....
.. #.............
. ...............
................
.##.......##....


You could see 2 centaurs.

Vanquished Creatures
  Sigmund (D:5)
  Edmund (D:5)
  A black bear (D:5)
  2 ogres
  A phantom (D:6)
  Blork the orc (D:5)
  A bullfrog (D:6)
  5 scorpions
  A howler monkey (D:6)
  The ghost of aheadsounds the Sneak, a weakling FeDe (D:5)
  A jelly (D:6)
  2 hounds
  An orc wizard (D:3)
  Robin (D:3)
  3 gnolls (D:3)
  11 adders
  4 dart slugs
  2 ribbon worms
  8 orcs
  6 bats
  11 endoplasms
  2 giant cockroaches (D:1)
  23 goblins
  10 hobgoblins
  4 jackals (D:1)
  5 quokkas
  7 ball pythons
  8 frilled lizards
  10 kobolds
  4 rats
138 creatures vanquished.

Notes
Turn   | Place    | Note
-------+----------+-------------------------------------------
     0 | D:1      | Neon14 the Minotaur Fighter began the quest for the Orb.
     0 | D:1      | Reached XP level 1. HP: 19/19 MP: 0/0
    34 | D:1      | Reached XP level 2. HP: 18/27 MP: 1/1
   195 | D:1      | Reached XP level 3. HP: 33/33 MP: 2/2
   203 | D:1      | Reached skill level 4 in Armour
   545 | D:2      | Reached XP level 4. HP: 31/41 MP: 3/3
  1204 | D:2      | Reached skill level 1 in Dodging
  1319 | D:2      | Found a faded altar of an unknown god.
  1654 | D:3      | Reached XP level 5. HP: 40/47 MP: 4/4
  1913 | D:3      | Noticed Robin
  1922 | D:3      | Killed Robin
  1935 | D:3      | Reached skill level 5 in Armour
  1980 | D:3      | Reached skill level 5 in Fighting
  2037 | D:3      | Reached XP level 6. HP: 56/56 MP: 5/5
  2156 | D:3      | Found a burning altar of Makhleb.
  2162 | D:3      | Found a snail-covered altar of Cheibriados.
  2165 | D:3      | Found a stormy altar of Qazlal.
  2165 | D:3      | Found an iron altar of Okawaru.
  2172 | D:3      | Found a glowing golden altar of the Shining One.
  2202 | D:3      | Became a worshipper of Cheibriados the Contemplative
  2423 | D:4      | Reached skill level 1 in Stealth
  2525 | D:4      | Reached skill level 6 in Armour
  2833 | D:4      | Reached XP level 7. HP: 55/61 MP: 6/6
  2861 | D:4      | Found a staircase to the Ecumenical Temple.
  2928 | D:4      | Reached skill level 5 in Shields
  3132 | D:4      | Reached * piety under Cheibriados
  3779 | D:4      | Found a broken altar of Ashenzari.
  3882 | D:4      | Reached skill level 7 in Armour
  3885 | D:5      | Entered Level 5 of the Dungeon
  3886 | D:5      | You fall into a shaft and drop 1 floor!
  4110 | D:5      | Noticed aheadsounds's ghost (weakling FeDe)
  4113 | D:5      | Found a runed translucent door.
  4181 | D:5      | Noticed Sigmund
  4191 | D:5      | Killed Sigmund
  4192 | D:5      | Reached skill level 8 in Armour
  4192 | D:5      | Reached XP level 8. HP: 52/70 MP: 7/7
  4449 | D:5      | Noticed Blork the orc
  4460 | D:5      | Killed Blork the orc
  4692 | D:5      | Noticed Edmund
  4712 | D:5      | Killed Edmund
  4823 | D:5      | Killed aheadsounds's ghost
  4933 | D:6      | Reached skill level 9 in Armour
  5614 | D:6      | Reached ** piety under Cheibriados
  5721 | D:7      | Shot with an arrow by a centaur

Illustrated notes

Levels and vault maps discovered:
D:1:      lemuel_arrival_funnel, layout_basic
D:2:      minmay_skewed_foursquare, layout_basic,
          shapermc_ecumenical_altar_mp_ritualfount
D:3:      layout_basic, nicolae_overflow_hallway_of_the_gods,
          minmay_misc_feat_rugged, uniq_robin
D:4:      layout_basic, marbit_many_paths, minmay_temple_entry_gardened_gates,
          nicolae_zig_zag_zippers
D:5:      layout_loops_ring, hellmonk_ghost_happy_afterlife, uniq_sigmund,
          uniq_blork_the_orc, uniq_edmund
D:6:      layout_gridville, chequers_avenue
D:7:      layout_gridville

Skill      XL: |  1  2  3  4  5  6  7  8 |
---------------+-------------------------+-----
Shields        | 4 5 6 |  6.4
Fighting       | 4 5 6 |  6.9
Armour         | 4 5 6 8 9 |  9.3
Long Blades    | 3 |  3.8
Dodging        | 1 2 3 4 |  4.1
Stealth        | 1 |  1.1

Action                     |  1- 3 |  4- 6 |  7- 9 || total
---------------------------+-------+-------+-------++-------
  Melee: Long sword        |    41 |       |       ||    41
         Headbutt          |    14 |    36 |    37 ||    87
         Dagger            |    55 |   237 |   161 ||   453
    Use: Potion            |       |     1 |     3 ||     4
 Armour: Scale mail        |    69 |   146 |   101 ||   316
  Dodge: Dodged            |    46 |    96 |    76 ||   218
  Block: Buckler           |    15 |    33 |    29 ||    77

Table legend: (Time is in decaauts)
 A = Elapsed time spent in this place.
 B = Non-inter-level travel time spent in this place.
 C = Inter-level travel time spent in this place.
 D = Time resting spent in this place.
 E = Time spent auto-exploring this place.
 F = Levels seen in this place.
 G = Mean time per level.
                   A        B        C        D        E       F      G
               +--------+--------+--------+--------+--------+-----+--------+
         Total |   6594 |   6330 |    264 |    661 |   4647 |   7 |  942.0 |
       Dungeon |   6594 |   6330 |    264 |    661 |   4647 |   7 |  942.0 |
               +--------+--------+--------+--------+--------+-----+--------+

Top non-repeatable levels by time:
     D:4: 1761 daAuts
     D:6: 1290 daAuts
     D:2: 1190 daAuts
     D:5: 1102 daAuts
     D:3: 780 daAuts
     D:1: 458 daAuts
     D:7: 10 daAuts
